AoeStats
← zombiezebra

Coastal Forest

510413965Analyzed
2v2 RM · 2d ago on Sep 30, 2026· 42m 54s· 4 players
Game mode
Random Map
Map size
Medium (4 player)
Population
200
Speed
Normal
Resources
Standard
Victory
Conquest
Starting age
Dark Age
Ending age
Imperial Age
RankedLock teamsTeams togetherTeam positionsShared explorationLock speedFull tech treeHidden civsTurbo modeCheats
Victory
Defeat
🇬🇧 Huns · United Kingdom
1297
+13
🇬🇧 Magyars · United Kingdom
1297
+13
🇺🇸 Lithuanians · United States
1247
-13
🇪🇸 Danes · Spain
1222
-13
Jambo
7:03 Loom
9:27 Feudal Age
13:48 Castle Age
14:30 Horse Collar
17:18 Scale Mail Armor
bennnnnnnnnnn
5:54 Loom
Stefanos
7:35 Loom
10:05 Feudal Age
10:41 Double-Bit Axe
13:34 Horse Collar
15:13 Gold Mining
16:31 Wheelbarrow
20:36 Castle Age
19:11 Fletching
19:22 Padded Archer Armor
20:39 Crossbowman
21:34 Bodkin Arrow
22:21 Gold Shaft Mining
25:45 Leather Archer Armor
25:53 Ballistics
27:46 Bow Saw
31:35 Thumb Ring
35:01 Imperial Age
32:39 Stone Mining
35:11 Heavy Cavalry Archer
35:53 Bracer
37:37 Two-Man Saw
37:49 Medium Warships
38:04 Hand Cart
37:36 Town Watch
39:58 Heavy Warships
42:14 Chemistry
41:30 Bloodlines
41:21 Husbandry
41:13 Spies/Treason
zombiezebra
5:56 Loom
9:10 Feudal Age
9:48 Double-Bit Axe
13:53 Horse Collar
19:51 Castle Age
19:04 Bloodlines
19:00 Scale Barding Armor
18:46 Fletching
19:17 Gold Mining
21:03 Chain Barding Armor
21:19 Husbandry
24:56 Town Watch
31:26 Wheelbarrow
32:19 Stone Mining
33:04 Gold Shaft Mining
32:19 Stone Mining
33:05 Gold Shaft Mining
33:39 Town Patrol
34:03 Heavy Plow
35:18 Hand Cart
41:30 Imperial Age
39:18 Bodkin Arrow
40:08 Light Cavalry
42:03 Padded Archer Armor
42:03 Scale Mail Armor
42:14 Cavalier
43:20 Masonry
43:06 Murder Holes
43:01 Heated Shot
Connection lost

Rejoining the realm…

Still unreachable

The connection could not be restored.

Session expired

The server has moved on; the page needs a fresh start.